[Event "39th Olympiad Khanty-Mansiysk 2010"]
[Site "Khanty-Mansiysk/Russia"]
[Date "2010.09.22"]
[Round "1"]
[White "Maduro, Sherman"]
[Black "Tologontegin, Semetey"]
[Result "0-1"]
[WhiteElo "2009"]
[BlackElo "2320"]
[PlyCount "110"]
[EventDate "2010.??.??"]
[WhiteTeam "Netherlands Antilles"]
[BlackTeam "Kyrgyzstan"]
[WhiteTeamCountry "AHO"]
[BlackTeamCountry "KGZ"]
[TimeControl "40/5400+30:1800+30"]

1. e4 c6 2. d4 d5 3. Nc3 dxe4 4. Nxe4 Bf5 5. Ng3 Bg6 6. h4 h6 7. Nf3 Nd7 8. h5
Bh7 9. Bd3 Bxd3 10. Qxd3 e6 11. Bf4 Qa5+ 12. c3 Ngf6 13. b4 Qa3 14. Bc1 Qa4 15.
O-O a5 16. Re1 Be7 17. bxa5 Qxa5 18. Ne5 O-O 19. Nf5 exf5 20. Nxd7 Rfe8 21. Ne5
Ne4 22. Bd2 Rad8 23. Qc4 Qd5 24. Re2 Bf6 25. Qxd5 Rxd5 26. Nc4 Red8 27. Rb1
R5d7 28. Be1 b5 29. Na5 Rc8 30. f3 Ng5 31. Nb3 Ne6 32. g3 Ra8 33. Kf1 Ra4 34.
f4 Rda7 35. Rbb2 Rc4 36. Kf2 Ra8 37. Rbc2 Ra7 38. Nc1 c5 39. d5 Nc7 40. d6 Ne6
41. Nd3 Kf8 42. Ne5 Bxe5 43. fxe5 Ke8 44. Rb2 Ra5 45. Bd2 Kd7 46. Kg2 Nd8 47.
Re3 Rca4 48. c4 b4 49. Kf3 Rxa2 50. Bxb4 cxb4 51. Rxb4 R2a4 52. Rb5 Rxb5 53.
cxb5 Rb4 54. Rc3 Ne6 55. Ra3 Nd4+ 0-1

[Event "39th Olympiad Khanty-Mansiysk 2010"]
[Site "Khanty-Mansiysk/Russia"]
[Date "2010.09.22"]
[Round "1"]
[White "Melnik, Galina"]
[Black "Elshereif, Mada"]
[Result "1-0"]
[WhiteElo "1994"]
[BlackElo "1766"]
[PlyCount "35"]
[EventDate "2010.??.??"]
[WhiteTeam "IPC"]
[BlackTeam "Yemen"]
[BlackTeamCountry "YEM"]
[TimeControl "40/5400+30:1800+30"]

1. d4 d5 2. Nf3 Nf6 3. c4 c6 4. Nc3 e6 5. e3 dxc4 6. Bxc4 b5 7. Bd3 a6 8. O-O
c5 9. dxc5 Bxc5 10. Qc2 Bb6 11. Bd2 Bb7 12. Ne4 Nxe4 13. Bxe4 Bxe4 14. Qxe4 Nd7
15. Bc3 O-O 16. Rfd1 Qe7 17. Qc6 Qc5 18. Qxd7 1-0

[Event "39th Olympiad Khanty-Mansiysk 2010"]
[Site "Khanty-Mansiysk/Russia"]
[Date "2010.09.22"]
[Round "1"]
[White "Sultana, Sharmin Shirin"]
[Black "Gonzalez, Yaribeth"]
[Result "1-0"]
[WhiteElo "1984"]
[BlackElo "1906"]
[PlyCount "74"]
[EventDate "2010.??.??"]
[WhiteTeam "Bangladesh"]
[BlackTeam "Panama"]
[WhiteTeamCountry "BAN"]
[BlackTeamCountry "PAN"]
[TimeControl "40/5400+30:1800+30"]

1. d4 d5 2. c4 Nf6 3. Nc3 e6 4. Bg5 Be7 5. e3 h6 6. Bf4 c5 7. Nf3 Nc6 8. Rc1 a6
9. cxd5 exd5 10. dxc5 Be6 11. Nd4 Qa5 12. Nb3 Qd8 13. Na4 g5 14. Bg3 Ne4 15.
Be2 Nxg3 16. fxg3 Qc7 17. O-O Qe5 18. Bf3 Qxe3+ 19. Kh1 Qe5 20. Re1 Qc7 21.
Bxd5 Rd8 22. Rxe6 fxe6 23. Qh5+ Kd7 24. Nb6+ Qxb6 25. Bxe6+ Kxe6 26. Re1+ Kd7
27. cxb6 Kc8 28. Qg4+ Kb8 29. Na5 Nxa5 30. Rxe7 h5 31. Qe2 Nc6 32. Re4 Rd7 33.
Re8+ Rd8 34. Rxd8+ Rxd8 35. Qxh5 Ne5 36. h4 Nc6 37. Qxg5 Rc8 1-0

[Event "39th Olympiad Khanty-Mansiysk 2010"]
[Site "Khanty-Mansiysk/Russia"]
[Date "2010.09.22"]
[Round "1"]
[White "Pesqueira, Jose"]
[Black "Steel, Henry Robert"]
[Result "0-1"]
[WhiteElo "1982"]
[BlackElo "2300"]
[PlyCount "84"]
[EventDate "2010.??.??"]
[WhiteTeam "ARU"]
[BlackTeam "South Africa"]
[BlackTeamCountry "RSA"]
[TimeControl "40/5400+30:1800+30"]

1. d4 Nf6 2. c4 g6 3. Nc3 Bg7 4. e4 O-O 5. Nf3 d6 6. Be2 e5 7. dxe5 dxe5 8.
Qxd8 Rxd8 9. Bg5 Re8 10. Nd5 Nxd5 11. cxd5 c6 12. Bc4 b5 13. Be2 a6 14. dxc6
Nxc6 15. O-O Nd4 16. Nxd4 exd4 17. Bd3 h6 18. Bd2 Be6 19. b3 g5 20. h3 Bf8 21.
Rfc1 Ba3 22. Rc2 Rec8 23. Rxc8+ Rxc8 24. Rb1 Kg7 25. Kf1 Kf6 26. Ke2 Ke7 27. f3
f6 28. Rh1 h5 29. g4 Rh8 30. Rf1 hxg4 31. hxg4 Bd7 32. Be1 Bb2 33. a4 Bc3 34.
axb5 Bxe1 35. Kxe1 axb5 36. Rf2 Kd6 37. Rc2 Ke5 38. Rc5+ Kf4 39. Be2 Ke3 40.
Rd5 Be6 41. Rxb5 Rh1+ 42. Bf1 d3 0-1

[Event "39th Olympiad Khanty-Mansiysk 2010"]
[Site "Khanty-Mansiysk/Russia"]
[Date "2010.09.22"]
[Round "1"]
[White "Ryvova, Anna"]
[Black "Majdan-Gajewska, Joanna"]
[Result "0-1"]
[WhiteElo "1981"]
[BlackElo "2333"]
[PlyCount "124"]
[EventDate "2010.??.??"]
[WhiteTeam "ICS"]
[BlackTeam "Poland"]
[BlackTeamCountry "POL"]
[TimeControl "40/5400+30:1800+30"]

1. e4 c5 2. Nc3 Nc6 3. g3 g6 4. Bg2 Bg7 5. d3 Rb8 6. Be3 b5 7. Qd2 d6 8. Nge2
b4 9. Nd1 Nd4 10. c3 bxc3 11. bxc3 Nxe2 12. Qxe2 Nf6 13. O-O O-O 14. d4 cxd4
15. cxd4 d5 16. e5 Ne8 17. Nc3 Nc7 18. Qd2 Bf5 19. Rfc1 Qd7 20. Bf1 Na8 21. Bd3
Nb6 22. Qe2 Rfc8 23. Bb5 Qe6 24. Ba6 Rc6 25. Bb5 Rc7 26. Na4 Nc4 27. Bxc4 Rxc4
28. Nc5 Qc6 29. Rxc4 dxc4 30. Qxc4 Be4 31. Qe2 Bh1 32. f4 Bf3 33. Qf2 e6 34.
Rc1 Bd5 35. Ne4 Qxc1+ 36. Bxc1 Bxe4 37. Qd2 Bf8 38. Kf2 Bb4 39. Qb2 Rb6 40. Ke3
Bd5 41. Bd2 Bf8 42. Qc2 Ra6 43. Qc8 Ra3+ 44. Bc3 Kg7 45. Kd2 Rxa2+ 46. Kc1 Bb3
47. Bb2 a5 48. f5 gxf5 49. Qd8 h6 50. Kb1 a4 51. h3 a3 52. Bc1 Rg2 53. Bxh6+
Kh7 54. Bc1 a2+ 55. Ka1 Bh6 56. Qh4 f4 57. Qf6 Rxg3 58. Qxf7+ Rg7 59. Qh5 Bd5
60. h4 Rb7 61. Bb2 f3 62. Qg4 Rg7 0-1

[Event "39th Olympiad Khanty-Mansiysk 2010"]
[Site "Khanty-Mansiysk/Russia"]
[Date "2010.09.22"]
[Round "1"]
[White "Maroroa, Sue"]
[Black "Pacheco, Medina Hilzandry"]
[Result "1/2-1/2"]
[WhiteElo "1981"]
[BlackElo "1875"]
[PlyCount "82"]
[EventDate "2010.??.??"]
[WhiteTeam "New Zealand"]
[BlackTeam "Puerto Rico"]
[WhiteTeamCountry "NZL"]
[BlackTeamCountry "PUR"]
[TimeControl "40/5400+30:1800+30"]

1. e4 d5 2. exd5 Nf6 3. d4 Bg4 4. Bb5+ Nbd7 5. Be2 Bxe2 6. Qxe2 Nxd5 7. Nf3 c6
8. O-O e6 9. c4 N5b6 10. Nc3 Be7 11. Re1 O-O 12. d5 cxd5 13. cxd5 e5 14. Nxe5
Nxe5 15. Qxe5 Bf6 16. Qg3 Re8 17. Rxe8+ Qxe8 18. Bg5 Bxc3 19. Qxc3 Rc8 20. Qd4
Rc4 21. Qd2 f6 22. Be3 Qe4 23. d6 Rc2 24. Qd1 Nd7 25. Rc1 Rxc1 26. Qxc1 Kf7 27.
f3 Qd3 28. Kf2 Qxd6 29. Qc4+ Qe6 30. Qc7 Qd5 31. Qd8 a6 32. a3 Qc6 33. Qa5 Qd6
34. Qc3 Qxh2 35. Qb3+ Ke7 36. Qxb7 Qh4+ 37. Ke2 Qc4+ 38. Ke1 Ke6 39. Qa8 Kf7
40. Qb7 Qe6 41. Kf2 Qc4 1/2-1/2

[Event "39th Olympiad Khanty-Mansiysk 2010"]
[Site "Khanty-Mansiysk/Russia"]
[Date "2010.09.22"]
[Round "1"]
[White "Sischy, Monique Sian"]
[Black "Dahdal, Lougain"]
[Result "1-0"]
[WhiteElo "1980"]
[BlackElo "1885"]
[PlyCount "87"]
[EventDate "2010.??.??"]
[WhiteTeam "South Africa"]
[BlackTeam "Jordan"]
[WhiteTeamCountry "RSA"]
[BlackTeamCountry "JOR"]
[TimeControl "40/5400+30:1800+30"]

1. e4 c5 2. Nf3 Nc6 3. d4 cxd4 4. Nxd4 Nf6 5. Nc3 e5 6. Nxc6 bxc6 7. Bd3 d5 8.
O-O Bb4 9. Qe1 Qd6 10. Bd2 O-O 11. a3 Bxc3 12. Bxc3 d4 13. Bd2 Nh5 14. f4 Nxf4
15. Bxf4 exf4 16. Qh4 Qe5 17. Qxf4 Qxf4 18. Rxf4 Be6 19. Raf1 f6 20. e5 c5 21.
b3 Rac8 22. exf6 c4 23. bxc4 Bxc4 24. Rxd4 Bxd3 25. cxd3 gxf6 26. Rf3 Rc1+ 27.
Kf2 Rc2+ 28. Kg3 Kh8 29. Kh3 Rc3 30. a4 Rc5 31. g3 Rf7 32. Rff4 f5 33. Rc4 Rxc4
34. dxc4 Rc7 35. Kh4 Kg7 36. Kg5 Rc5 37. Rd4 h6+ 38. Kf4 a5 39. Ke3 Kf6 40. Rh4
Kg6 41. Kd4 Rc8 42. c5 Rd8+ 43. Kc4 Kg5 44. Kb5 1-0

[Event "39th Olympiad Khanty-Mansiysk 2010"]
[Site "Khanty-Mansiysk/Russia"]
[Date "2010.09.22"]
[Round "1"]
[White "Stolberg-Rohr, Thomine"]
[Black "Van Weersel, Arlette"]
[Result "0-1"]
[WhiteElo "1967"]
[BlackElo "2174"]
[PlyCount "116"]
[EventDate "2010.??.??"]
[WhiteTeam "Denmark"]
[BlackTeam "Netherlands"]
[WhiteTeamCountry "DEN"]
[BlackTeamCountry "NED"]
[TimeControl "40/5400+30:1800+30"]

1. d4 Nf6 2. Nc3 d5 3. Bg5 g6 4. f3 Bg7 5. Qd2 h6 6. Bh4 c6 7. O-O-O Qa5 8. Kb1
Be6 9. e3 b5 10. Bg3 Qb6 11. Nge2 a5 12. Nf4 Bd7 13. e4 e6 14. e5 Ng8 15. h4 h5
16. Qd3 Ne7 17. Bf2 a4 18. g4 Bxe5 19. Qe3 Bxf4 20. Qxf4 b4 21. Ne2 Na6 22. Qe3
Nc7 23. Nf4 hxg4 24. fxg4 Nb5 25. Bxb5 Qxb5 26. h5 gxh5 27. Nxh5 O-O-O 28. Bh4
Ng6 29. Bxd8 Rxd8 30. Rhf1 e5 31. Nf6 exd4 32. Qxd4 Be6 33. Qd3 Qb6 34. Rde1 c5
35. g5 c4 36. Qg3 a3 37. Qf2 d4 38. b3 Qb5 39. Rd1 d3 40. cxd3 cxb3 41. axb3
Bxb3 42. Qf5+ Qxf5 43. Rc1+ Kb7 44. Rxf5 Kb6 45. Rfc5 Be6 46. Ne4 Bd5 47. Nf2
Nf4 48. R5c2 Ne6 49. Ng4 Nd4 50. Rf2 a2+ 51. Rxa2 Bxa2+ 52. Kxa2 Ne6 53. Ne5
Nxg5 54. Kb3 Rd5 55. Nc4+ Kb5 56. Nb2 Ne6 57. Rf1 f5 58. Rf4 Nxf4 0-1

[Event "39th Olympiad Khanty-Mansiysk 2010"]
[Site "Khanty-Mansiysk/Russia"]
[Date "2010.09.22"]
[Round "1"]
[White "Guo, Emma"]
[Black "Mrvova, Alena"]
[Result "0-1"]
[WhiteElo "1964"]
[BlackElo "2253"]
[PlyCount "122"]
[EventDate "2010.??.??"]
[WhiteTeam "Australia"]
[BlackTeam "Slovakia"]
[WhiteTeamCountry "AUS"]
[BlackTeamCountry "SVK"]
[TimeControl "40/5400+30:1800+30"]

1. e4 c5 2. Nc3 e6 3. f4 a6 4. Nf3 Nc6 5. d3 d5 6. g3 Be7 7. Bg2 Nf6 8. O-O O-O
9. Ne5 Nd4 10. Nf3 Nb5 11. Nxb5 axb5 12. e5 Ne8 13. c3 g6 14. Bd2 Ng7 15. d4
Bd7 16. Kh1 b4 17. dxc5 bxc3 18. Bxc3 Bxc5 19. Bd4 b6 20. Qd2 Nf5 21. Bf2 Qe7
22. a3 Bxf2 23. Qxf2 Qc5 24. Qd2 Rfc8 25. Rfc1 Qe3 26. Qxe3 Nxe3 27. Nd4 Nc4
28. Rc2 Kg7 29. Kg1 Ne3 30. Rcc1 Ra4 31. Rxc8 Bxc8 32. Ne2 Ba6 33. Bf3 Rc4 34.
Kf2 Nf5 35. Rc1 f6 36. Rxc4 Bxc4 37. exf6+ Kxf6 38. Bg4 e5 39. fxe5+ Kxe5 40.
b4 d4 41. Nf4 Ne3 42. Be2 g5 43. Nd3+ Ke4 44. Nb2 d3 45. Bd1 Kd4 46. Nxc4 Nxc4
47. a4 Kc3 48. b5 Nb2 49. Ke1 Kb4 50. h4 gxh4 51. gxh4 Nxd1 52. Kxd1 Kxa4 53.
Kd2 Kxb5 54. Kxd3 Kc5 55. h5 Kd5 56. h6 Ke5 57. Kc4 Kf6 58. Kb5 Kg6 59. Kxb6
Kxh6 60. Kc5 Kg5 61. Kd4 Kf4 0-1

[Event "39th Olympiad Khanty-Mansiysk 2010"]
[Site "Khanty-Mansiysk/Russia"]
[Date "2010.09.22"]
[Round "1"]
[White "Mathews, Cesar"]
[Black "Shobaita, Ahmed"]
[Result "0-1"]
[WhiteElo "1960"]
[BlackElo "2072"]
[PlyCount "62"]
[EventDate "2010.??.??"]
[WhiteTeam "Panama"]
[BlackTeam "Palestine"]
[WhiteTeamCountry "PAN"]
[BlackTeamCountry "PLE"]
[TimeControl "40/5400+30:1800+30"]

1. e4 c5 2. Nf3 e6 3. d4 cxd4 4. Nxd4 Nc6 5. Nc3 a6 6. Be2 Qc7 7. Be3 Nf6 8.
Qd2 Bb4 9. f3 Ne5 10. O-O d5 11. exd5 Bxc3 12. bxc3 Nxd5 13. Bf4 Nxf4 14. Qxf4
Bd7 15. Qg3 O-O 16. f4 Ng6 17. Rae1 Rac8 18. Rf3 Qa5 19. Re3 Rc7 20. Kh1 Rfc8
21. Bd3 Rxc3 22. f5 exf5 23. Qd6 f4 24. R3e2 Qc7 25. Qd5 Rc5 26. Qf3 Qd6 27.
Nb3 R5c7 28. Be4 Rc3 29. Qh5 Bb5 30. Rf2 Re3 31. Rxe3 fxe3 0-1

[Event "39th Olympiad Khanty-Mansiysk 2010"]
[Site "Khanty-Mansiysk/Russia"]
[Date "2010.09.22"]
[Round "1"]
[White "Malakar, Prachand Man"]
[Black "Cossa, Pedro Ventura"]
[Result "1-0"]
[WhiteElo "1959"]
[BlackElo "2010"]
[PlyCount "81"]
[EventDate "2010.??.??"]
[WhiteTeam "Nepal"]
[BlackTeam "Mozambique"]
[WhiteTeamCountry "NEP"]
[BlackTeamCountry "MOZ"]
[TimeControl "40/5400+30:1800+30"]

1. d4 Nf6 2. c4 c5 3. d5 d6 4. Nc3 g6 5. e4 Bg7 6. Bd3 Nbd7 7. Nf3 a6 8. O-O
Ng4 9. Bd2 O-O 10. b3 Rb8 11. a4 Qc7 12. Rc1 Nge5 13. Bb1 Nxf3+ 14. Qxf3 Ne5
15. Qg3 Qd7 16. h3 Qc7 17. Qh4 Re8 18. f4 Nd7 19. Bd3 Qb6 20. Bc2 Qc7 21. Rce1
Ra8 22. Kh1 Bf6 23. Qf2 Rb8 24. Qf3 Bg7 25. e5 Rf8 26. e6 Nf6 27. f5 fxe6 28.
dxe6 Ne8 29. Nd5 Qd8 30. Qg3 b5 31. axb5 axb5 32. Bg5 Rb7 33. Qh4 bxc4 34.
Nxe7+ Rxe7 35. Bxe7 Bf6 36. Bxd8 Bxh4 37. Bxh4 gxf5 38. bxc4 f4 39. Be4 Bxe6
40. Bxh7+ Kxh7 41. Rxe6 1-0

[Event "39th Olympiad Khanty-Mansiysk 2010"]
[Site "Khanty-Mansiysk/Russia"]
[Date "2010.09.22"]
[Round "1"]
[White "Veer, Willem"]
[Black "Ortiz, Q Johnny Alexander"]
[Result "0-1"]
[WhiteElo "1957"]
[BlackElo "2179"]
[PlyCount "84"]
[EventDate "2010.??.??"]
[WhiteTeam "Surinam"]
[BlackTeam "Guatemala"]
[WhiteTeamCountry "SUR"]
[BlackTeamCountry "GUA"]
[TimeControl "40/5400+30:1800+30"]

1. d4 d5 2. Nf3 Nf6 3. e3 Bf5 4. c4 e6 5. Nc3 c6 6. Be2 Nbd7 7. O-O Bd6 8. a3
O-O 9. cxd5 exd5 10. Bd3 Ne4 11. Qc2 Re8 12. b4 Bg6 13. Ne2 Rc8 14. Ng3 h5 15.
Re1 h4 16. Nf1 Qf6 17. h3 Bh5 18. Be2 g5 19. Bb2 Qe7 20. N1d2 f5 21. Nxe4 dxe4
22. Nh2 Bf7 23. Rac1 Nb6 24. Ba1 Bd5 25. Qd1 Rf8 26. Nf1 Rf6 27. Rc5 Rcf8 28.
Nh2 Nd7 29. Rc1 Rg6 30. Bh5 Rg7 31. Be2 Nf6 32. Rc5 Kh7 33. Qc1 Qc7 34. Nf1 g4
35. hxg4 Nxg4 36. Bxg4 Rxg4 37. Rxd5 cxd5 38. Qxc7+ Bxc7 39. Rc1 Bd6 40. Nh2
Rg7 41. Kh1 Rfg8 42. Rg1 Rc7 0-1

[Event "39th Olympiad Khanty-Mansiysk 2010"]
[Site "Khanty-Mansiysk/Russia"]
[Date "2010.09.22"]
[Round "1"]
[White "Jones, Rupert"]
[Black "Fitzsimons, David"]
[Result "0-1"]
[WhiteElo "1953"]
[BlackElo "2229"]
[PlyCount "82"]
[EventDate "2010.??.??"]
[WhiteTeam "Papua New Guinea"]
[BlackTeam "Ireland"]
[WhiteTeamCountry "PNG"]
[BlackTeamCountry "IRL"]
[TimeControl "40/5400+30:1800+30"]

1. e4 e6 2. d4 d5 3. e5 c5 4. c3 Nc6 5. Nf3 Nh6 6. a3 f6 7. Bd3 Nf7 8. Qe2 Qc7
9. exf6 gxf6 10. Be3 e5 11. dxe5 fxe5 12. Ng5 e4 13. Bb5 Bd6 14. Qh5 h6 15.
Nxf7 Qxf7 16. Qxf7+ Kxf7 17. Nd2 Ne5 18. O-O-O Bf5 19. Nb3 c4 20. Nd4 Bg6 21.
h3 Kf6 22. Ne2 Nd3+ 23. Kb1 a6 24. Ba4 b5 25. Bc2 a5 26. Rhf1 b4 27. Bxd3 cxd3
28. Bd4+ Ke6 29. Nc1 Rhb8 30. Ka2 bxa3 31. bxa3 Be8 32. Rfe1 Kf7 33. f3 Bg3 34.
Rf1 Kg8 35. fxe4 dxe4 36. Rf6 Bf7+ 37. Ka1 Bh5 38. Rd2 Be1 39. Rff2 Bxd2 40.
Rxd2 Rb7 41. Ka2 Rab8 0-1

[Event "39th Olympiad Khanty-Mansiysk 2010"]
[Site "Khanty-Mansiysk/Russia"]
[Date "2010.09.22"]
[Round "1"]
[White "Latreche, Sabrina"]
[Black "Nakagawa, Emiko"]
[Result "1-0"]
[WhiteElo "1951"]
[BlackElo "1806"]
[PlyCount "133"]
[EventDate "2010.??.??"]
[WhiteTeam "Algeria"]
[BlackTeam "Japan"]
[WhiteTeamCountry "ALG"]
[BlackTeamCountry "JPN"]
[TimeControl "40/5400+30:1800+30"]

1. e4 c6 2. d4 d5 3. Nc3 dxe4 4. Nxe4 Nd7 5. Nf3 Ngf6 6. Ng3 e6 7. Bd3 Be7 8.
O-O O-O 9. Re1 b6 10. Ne5 Bb7 11. Nh5 c5 12. Nxd7 Qxd7 13. Nxf6+ Bxf6 14. dxc5
Qd5 15. Qg4 Qxc5 16. Be3 Qe7 17. Rab1 Rfd8 18. Qh5 g6 19. Qg4 Rac8 20. a4 Bd5
21. b3 Rc7 22. Rbd1 Rc3 23. Bd2 Rcc8 24. Bb4 Qe8 25. Bb5 Bc6 26. Qf4 Bg7 27.
Ba6 Rxd1 28. Rxd1 Rd8 29. Rxd8 Qxd8 30. Qd6 Qa8 31. Qg3 Qd8 32. Qd6 Qa8 33. f3
h6 34. Qd3 Qe8 35. Kf1 Bf8 36. Bc3 Bg7 37. Bb4 Bf8 38. Bd2 Bg7 39. Be3 Qe7 40.
Qd2 Kh7 41. h3 Bf8 42. Ke2 Qd6 43. Bxh6 Qxd2+ 44. Bxd2 Bd6 45. Be3 Bc7 46. Kd3
e5 47. a5 f5 48. axb6 axb6 49. Kc4 Kg7 50. Bb5 Bb7 51. Bd7 Ba6+ 52. Bb5 Bb7 53.
Kb4 Kf6 54. Bf1 Bc6 55. c4 Ke7 56. c5 bxc5+ 57. Kxc5 Bb7 58. b4 Ke6 59. Bc4+
Ke7 60. Bg5+ Kf8 61. Bd5 Bc8 62. Kc6 Bb8 63. b5 Ke8 64. b6 Bd7+ 65. Kb7 Bd6 66.
Bc6 Bb4 67. Kc7 1-0

[Event "39th Olympiad Khanty-Mansiysk 2010"]
[Site "Khanty-Mansiysk/Russia"]
[Date "2010.09.22"]
[Round "1"]
[White "Nasriddinzoda, Marvorii"]
[Black "Greenidge, Nathali"]
[Result "1/2-1/2"]
[WhiteElo "1943"]
[BlackElo "2016"]
[PlyCount "125"]
[EventDate "2010.??.??"]
[WhiteTeam "Tajikistan"]
[BlackTeam "Barbados"]
[WhiteTeamCountry "TJK"]
[BlackTeamCountry "BAR"]
[TimeControl "40/5400+30:1800+30"]

1. f4 f5 2. Nf3 Nf6 3. b3 e6 4. Bb2 d5 5. e3 Be7 6. Be2 Ne4 7. O-O Bf6 8. Ne5
O-O 9. d3 Nd6 10. Nd2 Nd7 11. Ndf3 Nf7 12. Kh1 Ndxe5 13. fxe5 Be7 14. Qe1 Bd7
15. Qg3 Nh6 16. h3 c6 17. a4 Qb6 18. d4 Nf7 19. Ne1 Ng5 20. Nd3 Ne4 21. Qe1 Qd8
22. g3 Qe8 23. Bf3 Ng5 24. Bg2 Qg6 25. Ba3 Bxa3 26. Rxa3 Rae8 27. Nf4 Qf7 28.
Qb4 Bc8 29. Kh2 Ne4 30. Raa1 Qe7 31. Qxe7 Rxe7 32. Bxe4 fxe4 33. g4 Ref7 34.
Kg1 a5 35. Nh5 b6 36. Rxf7 Rxf7 37. Rf1 Ba6 38. Rxf7 Kxf7 39. Nf4 g5 40. Nh5
Be2 41. Kf2 Bd1 42. Nf6 h6 43. Nd7 Bxc2 44. Nxb6 Bxb3 45. Ke1 Ke8 46. Nc8 Bxa4
47. Nd6+ Kd7 48. Nb7 Bc2 49. Kd2 Bb1 50. Nxa5 Bd3 51. Ke1 Bb5 52. Nb7 Ke7 53.
Kf2 Kd7 54. Kg3 Ke7 55. h4 Kf7 56. hxg5 hxg5 57. Kf2 Ke7 58. Ke1 Ba6 59. Nc5
Bc4 60. Nb7 Ba6 61. Nc5 Bb5 62. Nb7 Ba6 63. Nc5 1/2-1/2

[Event "39th Olympiad Khanty-Mansiysk 2010"]
[Site "Khanty-Mansiysk/Russia"]
[Date "2010.09.22"]
[Round "1"]
[White "Blackburn, Suzie"]
[Black "Naipal, Ekaterina"]
[Result "0-1"]
[WhiteElo "1939"]
[BlackElo "1766"]
[PlyCount "88"]
[EventDate "2010.??.??"]
[WhiteTeam "Wales"]
[BlackTeam "Surinam"]
[WhiteTeamCountry "WLS"]
[BlackTeamCountry "SUR"]
[TimeControl "40/5400+30:1800+30"]

1. d4 d6 2. Bg5 Nf6 3. Nf3 Nbd7 4. Nbd2 e5 5. e4 Be7 6. c3 O-O 7. Bd3 Re8 8.
O-O h6 9. Bh4 exd4 10. cxd4 c6 11. Bg3 Nh5 12. Bb1 Nxg3 13. fxg3 Bf6 14. Qc2
Nf8 15. Nc4 Be6 16. e5 dxe5 17. dxe5 Be7 18. Kh1 Qd5 19. Ne3 Qb5 20. a4 Qb6 21.
Nf5 Rad8 22. Qc1 Ng6 23. h4 Qc7 24. Qe3 b6 25. h5 Bxf5 26. hxg6 Bxg6 27. Bxg6
fxg6 28. Qe4 Kh7 29. Nd4 Rd5 30. Rf7 Rxe5 31. Qxc6 Qxc6 32. Nxc6 Rh5+ 33. Kg1
Bc5+ 34. Rf2 Bxf2+ 35. Kxf2 Rc8 36. Nb4 a5 37. Nd3 Rc2+ 38. Kg1 Rd5 39. Nf4
Rdd2 40. Re1 g5 41. Ne6 Rxg2+ 42. Kh1 Rge2 43. Rxe2 Rxe2 44. b3 Rxe6 0-1

[Event "39th Olympiad Khanty-Mansiysk 2010"]
[Site "Khanty-Mansiysk/Russia"]
[Date "2010.09.22"]
[Round "1"]
[White "Lee, T H Bryan"]
[Black "Tan, Khai Boon"]
[Result "1/2-1/2"]
[WhiteElo "1935"]
[BlackElo "2160"]
[PlyCount "38"]
[EventDate "2010.??.??"]
[WhiteTeam "Hong Kong"]
[BlackTeam "Malaysia"]
[WhiteTeamCountry "HKG"]
[BlackTeamCountry "MAS"]
[TimeControl "40/5400+30:1800+30"]

1. e4 c5 2. Nf3 Nc6 3. d4 cxd4 4. Nxd4 Nf6 5. Nc3 g6 6. Be3 Bg7 7. Be2 O-O 8.
O-O d6 9. Nb3 a6 10. a4 Na5 11. e5 Ne8 12. Nxa5 Qxa5 13. Nd5 Qd8 14. Bb6 Qd7
15. Be3 Qd8 16. Bb6 Qd7 17. Ba5 Rb8 18. Bb6 e6 19. Ba7 exd5 1/2-1/2

[Event "39th Olympiad Khanty-Mansiysk 2010"]
[Site "Khanty-Mansiysk/Russia"]
[Date "2010.09.22"]
[Round "1"]
[White "Sasmazel, Burcu"]
[Black "Kashlinskaya, Alina"]
[Result "1/2-1/2"]
[WhiteElo "1909"]
[BlackElo "2358"]
[PlyCount "87"]
[EventDate "2010.??.??"]
[WhiteTeam "Turkey"]
[BlackTeam "RU2"]
[WhiteTeamCountry "TUR"]
[TimeControl "40/5400+30:1800+30"]

1. e4 e5 2. Nf3 Nc6 3. Bc4 Nf6 4. d3 Be7 5. O-O O-O 6. Re1 d6 7. a4 Na5 8. Ba2
c5 9. Nc3 Nc6 10. Nd5 Nxd5 11. Bxd5 Bg4 12. c3 Qd7 13. h3 Be6 14. Qb3 Kh8 15.
Be3 Bf6 16. Rad1 Rac8 17. d4 exd4 18. cxd4 c4 19. Bxe6 fxe6 20. Qc3 d5 21. exd5
Qxd5 22. Bf4 Rcd8 23. Be5 Be7 24. Qe3 Rf5 25. Qe4 Bb4 26. Re3 Kg8 27. Bg3 Qxe4
28. Rxe4 Bc5 29. Rd2 Bb6 30. Kf1 Rfd5 31. Rxe6 Nxd4 32. Nxd4 Rxd4 33. Rxd4 Rxd4
34. Ke2 Kf7 35. Re5 Rd3 36. Re4 Rd4 37. Re5 Rd7 38. Re4 Bd4 39. Be5 Bxe5 40.
Rxe5 Rd6 41. Rc5 Rb6 42. Rxc4 Rxb2+ 43. Ke3 h6 44. h4 1/2-1/2

[Event "39th Olympiad Khanty-Mansiysk 2010"]
[Site "Khanty-Mansiysk/Russia"]
[Date "2010.09.22"]
[Round "1"]
[White "Saleh, Nora Mohd"]
[Black "Samaganova, Alexandra"]
[Result "1/2-1/2"]
[WhiteElo "1906"]
[BlackElo "2080"]
[PlyCount "66"]
[EventDate "2010.??.??"]
[WhiteTeam "United Arab Emirates"]
[BlackTeam "Kyrgyzstan"]
[WhiteTeamCountry "UAE"]
[BlackTeamCountry "KGZ"]
[TimeControl "40/5400+30:1800+30"]

1. d4 Nf6 2. c4 e6 3. Nc3 Bb4 4. Qc2 O-O 5. a3 Bxc3+ 6. Qxc3 b6 7. Nf3 Bb7 8.
e3 d6 9. Be2 Nbd7 10. O-O Ne4 11. Qc2 f5 12. b4 Rf6 13. d5 Nf8 14. Bb2 Rg6 15.
Rfd1 Ng5 16. Nxg5 Qxg5 17. Bf1 Nd7 18. Rac1 e5 19. Qa4 Nf6 20. c5 dxc5 21. bxc5
Bxd5 22. Rxd5 Nxd5 23. Qb3 Rd8 24. Bxe5 Kh8 25. cxb6 Rxb6 26. Qa4 Qe7 27. Bd4
Rg6 28. Qxa7 Qe4 29. Rc4 Qe6 30. Rc1 Qe4 31. Rc4 Qe6 32. Rc1 Qe4 33. Rc4 Qe6
1/2-1/2

[Event "39th Olympiad Khanty-Mansiysk 2010"]
[Site "Khanty-Mansiysk/Russia"]
[Date "2010.09.22"]
[Round "1"]
[White "Taweesupmun, Chanida"]
[Black "Cordero, Daniela"]
[Result "0-1"]
[WhiteElo "1904"]
[BlackElo "2055"]
[PlyCount "128"]
[EventDate "2010.??.??"]
[WhiteTeam "Thailand"]
[BlackTeam "Bolivia"]
[WhiteTeamCountry "THA"]
[BlackTeamCountry "BOL"]
[TimeControl "40/5400+30:1800+30"]

1. d4 Nf6 2. Nf3 e6 3. g3 b5 4. Bg2 Bb7 5. O-O c5 6. c3 d5 7. a4 a6 8. axb5
axb5 9. Rxa8 Bxa8 10. Ne5 c4 11. b3 Qa5 12. bxc4 dxc4 13. Qc2 Bxg2 14. Kxg2
Qa8+ 15. f3 Na6 16. Ba3 Nd5 17. Kf2 f6 18. Ng4 Nac7 19. Bxf8 Kxf8 20. Nd2 h5
21. Ne3 h4 22. g4 Nxe3 23. Kxe3 Nd5+ 24. Kf2 Qb8 25. Rh1 Qf4 26. Nf1 Kf7 27. e4
Nc7 28. Ne3 Ra8 29. Qb2 Qd6 30. Nc2 g6 31. Nb4 f5 32. e5 Qd8 33. gxf5 gxf5 34.
Rg1 h3 35. f4 Nd5 36. Nxd5 Qxd5 37. Qe2 Rh8 38. Rg3 Qh1 39. Ke3 Qe4+ 40. Kd2
Qxf4+ 41. Qe3 Qxe3+ 42. Rxe3 f4 43. Rf3 Rh4 44. Kc2 Kg6 45. Kb2 Kf5 46. Ka3 Ke4
47. Rf1 Ke3 48. d5 exd5 49. e6 Rh8 50. Kb4 f3 51. Re1+ Kf2 52. Re5 Kg2 53. Rg5+
Kxh2 54. Rf5 Kg2 55. e7 Re8 56. Rg5+ Kf1 57. Rg3 Ke2 58. Rxh3 f2 59. Rh2 Ke1
60. Rxf2 Kxf2 61. Kxb5 Rxe7 62. Kc5 Re5 63. Kd4 Rh5 64. Kc5 Ke3 0-1

[Event "39th Olympiad Khanty-Mansiysk 2010"]
[Site "Khanty-Mansiysk/Russia"]
[Date "2010.09.22"]
[Round "1"]
[White "Amadasun, Rosemary"]
[Black "Bejatovic, Bojana"]
[Result "0-1"]
[WhiteElo "1900"]
[BlackElo "1891"]
[PlyCount "94"]
[EventDate "2010.??.??"]
[WhiteTeam "Nigeria"]
[BlackTeam "MKD"]
[WhiteTeamCountry "NGR"]
[TimeControl "40/5400+30:1800+30"]

1. e4 d6 2. d4 Nf6 3. Nc3 g6 4. Nf3 Bg7 5. Bc4 O-O 6. O-O Nxe4 7. Bxf7+ Rxf7 8.
Nxe4 Bg4 9. Neg5 Rf8 10. h3 Bxf3 11. Nxf3 Nc6 12. c3 d5 13. Qe2 Qd6 14. Bg5
Rae8 15. Qd2 Rxf3 16. gxf3 e5 17. Rae1 Rf8 18. Kg2 exd4 19. cxd4 Nxd4 20. Be7
Qf4 21. Qxf4 Rxf4 22. Bc5 Nf5 23. b3 h5 24. Re8+ Kf7 25. Rfe1 b6 26. Ba3 c5 27.
Bc1 Nh4+ 28. Kg3 Rxf3+ 29. Kxh4 Bf6+ 30. Bg5 Rf4+ 31. Kg3 Bxg5 32. R8e2 h4+ 33.
Kg2 d4 34. Rd1 b5 35. Rc2 Be7 36. Rd3 Ke6 37. Kf1 Kd5 38. Ke1 c4 39. bxc4+ bxc4
40. Rd1 Bb4+ 41. Kf1 d3 42. a4 Rd4 43. Rcc1 c3 44. Ra1 c2 45. Re1 Bxe1 46. Kxe1
d2+ 47. Ke2 Ke5 0-1